Description

This build order in really easy to execute. He is designed to be safe and macro oriented for the opening. Then you can switch to the all-in timing or macro if you feel that it will not work. There is many scout timing and you can adapt to your opponent all game long.

The goal is to do a mass blink stalkers army composition and attack at 7min with a strong timing push.

This build can be done in all league. It's design to be really strong against skytoss playstyle but works well against other too.

Few tips :

  • With your scouting probe : Check the mana, the 2nd pylon and if you can try to know what are the 2 first units of the gateway : In case of stalker / sentry you are safe to expand
  • Always do a wall on your ramp: You need it against an adept push
  • Use your sentry all game long to scout your opponent.
  • As soon as you see the stargate, add your twilight coucnil
  • On your robotic, you will do an observer first. You don't really need any immortals
  • don't take any gas on your second base
  • If the opponent plays with many phoenixes, just send a probe in his third like me. It will be harder to use a warp prism in this kind of condition
  • Don't forget your obeserver in the battle, it can be really useful to reach de main base

VOD

https://youtu.be/ZPPJSns5LGk

Replay - IIIIIIIIIIII v zuka - King's Cove LE

Build Order

Get SALT Encoding   

  12  0:00  Probe  
  13  0:13  Probe  
  14  0:18  Pylon  
  14  0:22  Probe  
  15  0:32  Probe  
  15  0:39  Gateway  
  16  0:43  Probe  
  16  0:48  Assimilator  
  17  0:53  Probe  
  18  0:58  Assimilator  
  18  1:01  Probe  
  18  1:11  Probe  
  19  1:13  Gateway  
  20  1:23  Probe  
  21  1:29  Cybernetics Core  
  21  1:35  Probe  
  22  1:41  Pylon  
  24  2:06  Stalker  
  24  2:07  Sentry, Warp Gate  
  28  2:18  Pylon  
  28  2:25  Pylon  
  28  2:33  Stalker x2  
  31  2:57  Robotics Facility  
  31  3:05  Shield Battery  
  31  3:17  Nexus  
  33  3:34  Pylon  
  35  3:55  Twilight Council  
  35  3:58  Stalker x2  
  40  4:10  Shield Battery  
  41  4:25  Blink  
  41  4:27  Adept x2  
  45  4:54  Stalker x2  
  51  5:20  Gateway x2  
  54  5:36  Gateway  
  55  5:44  Stalker x2  
  58  6:00  Gateway  
  58  6:12  Stalker  
  58  6:18  Observer  
Spawning Tool Build Advisor. Get it on Overwolf

Go to:

Details

  • Created by: zuka      
  • Published on: Feb 11, 2019
  • Patch: 4.7.1
  • Difficulty: Easy
Show
View Real Time Build Order
Export as new Build Order

Comments (3)

On June 20, 2020, 9:07 a.m., daking  said:

he mentioned in the vod that against SG the WP will likely just get sniped, so he adjusted and used a proxy gate.

On April 26, 2019, 10:05 a.m., 3abdou.49  said:

the robo was useless but if u go just TC u might die to DTs but i think the roboless is better

On Feb. 18, 2019, 12:05 a.m., jataca  said:

Why build a robotics bay @3 minutes if you're not going to use it until 6:18 for an observer? Shouldn't there be a prisim in this build somewhere?

Create an account to comment!